 Dungeon Crawl Stone Soup version 0.28-a0-1184-g53156a8862 (webtiles) character file.

Game seed: 1930715568807788430

876 hazymike the Digger (level 8, -1/63 HPs)
             Began as a Ghoul Earth Elementalist on Dec 16, 2021.
             Was a Believer of Dithmenos.
             Slain by a bullfrog (5 damage)
             ... on level 7 of the Dungeon on Dec 17, 2021.
             The game lasted 00:45:16 (7462 turns).

hazymike the Digger (Ghoul Earth Elementalist)      Turns: 7462, Time: 00:45:17

Health: -1/63      AC:  8    Str: 14    XL:     8   Next: 4%
Magic:  10/10      EV: 11    Int: 10    God:    Dithmenos [**....]
Gold:   236        SH:  0    Dex:  9    Spells: 8/11 levels left

rFire   + . .      SeeInvis .   a - +3 dagger
rCold   + + .      Faith    .   (no shield)
rNeg    + + +      Spirit   .   f - +0 ring mail
rPois   ∞          Reflect  .   (no helmet)
rElec   .          Harm     .   h - scarf {rC+ rF+}
rCorr   .          Rampage  .   n - +0 pair of gloves
Will    .....                   l - +1 pair of boots {Fly}
Stlth   ++........              (no amulet)
HPRegen 0.00/turn               (no ring)
MPRegen 0.12/turn               (no ring)

@: flying, inhibited regen, wreathed by umbra
A: claws 1, cold resistance 1, negative energy resistance 3, inhibited
regeneration, torment resistance 2
a: Renounce Religion, Shadow Step


You were on level 7 of the Dungeon.
You worshipped Dithmenos.
Dithmenos was pleased with you.
You visited 1 branch of the dungeon, and saw 7 of its levels.

You collected 236 gold pieces.

Inventory:

Hand Weapons
 a - a +3 dagger (weapon)
Missiles
 c - 207 stones
 k - 28 poisoned darts (quivered)
 q - 2 throwing nets
Armour
 b - a +0 robe
 f - a +0 ring mail (worn)
 h - a scarf of resistance (worn)
 l - a +1 pair of boots of flying (worn)
 n - a +0 pair of gloves (worn)
Wands
 t - a wand of flame (2)
Scrolls
 e - 2 scrolls of identify {unknown}
 m - a scroll of noise {unknown}
 p - 2 scrolls of vulnerability {unknown}
 r - a scroll of fog {unknown}
 v - a scroll of silence {unknown}
 w - a scroll of teleportation {unknown}
Potions
 d - 4 potions of lignification {unknown}
 g - 2 potions of flight {unknown}
 i - 4 potions of heal wounds {unknown}
 j - a potion of might {unknown}
 o - 2 potions of haste {unknown}
 s - 2 potions of berserk rage {unknown}
 u - a potion of attraction {unknown}


   Skills:
 + Level 3.2 Fighting
 * Level 4.0 Short Blades
 + Level 3.4 Dodging
 + Level 4.2 Stealth
 - Level 2.0 Spellcasting
 - Level 1.0 Transmutations
 + Level 5.0 Earth Magic
 + Level 3.3 Invocations


You had 8 spell levels left.
You knew the following spells:

 Your Spells              Type           Power      Damage    Failure   Level
a - Sandblast             Erth           22%        2d7       8%          1
b - Passwall              Tmut/Erth      5%         N/A       28%         2

Your spell library contained the following spells:

 Spells                   Type           Power      Damage    Failure   Level
 Stone Arrow              Conj/Erth      12%        3d7       56%         3
 Petrify                  Tmut/Erth      7%         N/A       88%         4


Dungeon Overview and Level Annotations

Branches:
Dungeon (8/15)             Temple (0/1) D:4            Lair (0/6) D:8

Altars:
Dithmenos
Nemelex Xobeh

Shops:
D:2 :

Annotations:
D:5 exclusion: zombie
D:7 Gastronok
D:8 Maggie


Innate Abilities, Weirdness & Mutations

You thrive by killing the living.
You are immune to poison.
You have sharp fingernails.
Your flesh is cold resistant. (rC+)
You are immune to negative energy. (rN+++)
You do not regenerate when monsters are visible.
You are immune to unholy pain and torment.


Message History

You hear a bark!
Found a stone staircase leading up.
The gnoll closely misses you. The gnoll hits you with a +0 whip!
* * * LOW HITPOINT WARNING * * *
Gastronok the Ponderous comes into view.
He is wearing a +1 hat of willpower.
Found a stone staircase leading up.
Gastronok gurgles horribly!
The sky beast flickers out of sight!
Deactivating autopickup; reactivate with Ctrl-A.
Found a scroll labelled POOMOMNANIY.
You see here a +0 quarterstaff.
Maggie the Vainglorious comes into view.
She is wielding a +1 scimitar of flaming.
Maggie shouts!
You hear a shout!
There is a stone staircase leading up here.
Gastronok barely misses you.
You fly upwards.
Reactivating autopickup.
Found a short sword.
There is a stone staircase leading down here.
You reach down and open the door.
There is an open door here.
You reach down and close the door.
A bullfrog comes into view.
The bullfrog moves out of view.
The bullfrog croaks.
An ice beast comes into view.
A killer bee zombie comes into view.
The bullfrog closely misses you. The bullfrog barely misses you.
The bullfrog hits you but does no damage.
The bullfrog hits you.
* * * LOW HITPOINT WARNING * * *
You reach down and open the door.
The bullfrog closely misses you. The bullfrog hits you.
* * * LOW HITPOINT WARNING * * *
The bullfrog closely misses you.
There is an open door here.
The bullfrog hits you but does no damage.
The bullfrog hits you.
You die...

###### #....####
#....#..##
#....'...#
#....#F..#
#....#.@##
#....#..#
#....+... ..
#....#....
...####....#####+
............#
............+
Y...........#
............######


You could see a bullfrog.

Vanquished Creatures
  A water moccasin (D:5)
  A black bear (D:3)
  A necrophage (D:4)
  An ogre (D:4)
  2 scorpions (D:4)
  A howler monkey (D:5)
  2 hounds
  A bullfrog skeleton (D:5)
  An iguana (D:4)
  2 orc priests
  Ijyb (D:4)
  Terence (D:3)
  6 adders
  An adder skeleton (D:4)
  A worm (D:2)
  9 orcs
  7 endoplasms
  2 giant cockroaches
  6 goblins
  7 hobgoblins
  3 kobolds
  7 quokkas
  9 ball pythons
  2 bats
  7 frilled lizards
  3 rats
85 creatures vanquished.

Vanquished Creatures (others)
  16 plants (D:3)
16 creatures vanquished.

Grand Total: 101 creatures vanquished

Notes
Turn   | Place    | Note
-------+----------+-------------------------------------------
     0 | D:1      | hazymike the Ghoul Earth Elementalist began the quest for
                  | the Orb.
     0 | D:1      | Reached XP level 1. HP: 14/14 MP: 2/2
   127 | D:1      | Reached skill level 1 in Transmutations
   143 | D:1      | Found a faded altar of an unknown god.
   262 | D:1      | Reached XP level 2. HP: 18/22 MP: 3/3
   288 | D:1      | Prayed at the altar of an unknown god.
   288 | D:1      | Became a worshipper of Dithmenos the Shadowed
   288 | D:1      | Reached * piety under Dithmenos
  1830 | D:2      | Reached XP level 3. HP: 27/27 MP: 5/5
  2031 | D:2      | Reached skill level 1 in Fighting
  2031 | D:2      | Reached skill level 1 in Short Blades
  2116 | D:2      | Reached skill level 1 in Invocations
  2165 | D:2      | Found Biuli's Book Shoppe.
  2202 | D:2      | Reached XP level 4. HP: 35/35 MP: 6/6
  2474 | D:3      | Noticed a black bear
  2677 | D:3      | Noticed Terence
  3044 | D:2      | Reached ** piety under Dithmenos
  3107 | D:3      | Reached skill level 4 in Earth Magic
  3396 | D:3      | Reached XP level 5. HP: 40/40 MP: 7/7
  3875 | D:3      | Killed a black bear
  4185 | D:3      | HP: 2/41 [Terence (9)]
  4189 | D:3      | Killed Terence
  4190 | D:3      | Reached XP level 6. HP: 8/48 MP: 8/8
  4906 | D:4      | Noticed a necrophage
  4998 | D:4      | Noticed Ijyb
  5344 | D:4      | Killed a necrophage
  5458 | D:4      | Reached XP level 7. HP: 56/56 MP: 7/9
  5756 | D:4      | Found a staircase to the Ecumenical Temple.
  6372 | D:4      | Killed Ijyb
  6576 | D:4      | Learned a level 2 spell: Passwall
  6600 | D:4      | Upgraded the game from 0.28-a0-1174-g766a6a42ef to
                  | 0.28-a0-1184-g53156a8862
  6601 | D:5      | Entered Level 5 of the Dungeon
  7061 | D:5      | Reached skill level 5 in Earth Magic
  7061 | D:5      | Reached XP level 8. HP: 51/63 MP: 8/10
  7355 | D:5      | You are sucked into a shaft and drop 3 floors!
  7355 | D:8      | Noticed a cyclops
  7389 | D:8      | Found a staircase to the Lair.
  7389 | D:8      | Noticed a troll
  7405 | D:8      | Found a sparkling altar of Nemelex Xobeh.
  7426 | D:8      | Noticed Gastronok
  7428 | D:8      | Noticed Maggie
  7462 | D:7      | Slain by a bullfrog

Illustrated notes

Levels and vault maps discovered:
D:1:      dpeg_arrival_tiny_g, layout_basic,
          hellmonk_ecumenical_altar_pennies_from_heaven,
          chequers_serial_rivers_large_a
D:2:      layout_rooms, serial_shops, shop
D:3:      layout_basic, minmay_misc_feat_square, serial_bayou_lagoon_a,
          minmay_unequal, uniq_terence
D:4:      layout_loops_ring, minmay_temple_entry_statues,
          minmay_misc_feat_enclosed, uniq_ijyb
D:5:      layout_basic, sigmund_edmund_badplayer, uniq_sigmund
D:7:      layout_gridville, bh_walls_and_bars
D:8:      layout_cave_pools, nemelex_xobeh_ov_fountains_minmay,
          erik_lair_island, hex_tiny, hangedman_ranch, uniq_maggie,
          uniq_gastronok

Skill      XL: |  1  2  3  4  5  6  7  8 |
---------------+-------------------------+-----
Transmutations | 1 |  1.0
Dodging        | 2 3 |  3.4
Spellcasting   | 2 |  2.0
Fighting       | 1 2 3 |  3.2
Short Blades   | 1 2 3 4 |  4.0
Invocations    | 1 2 3 |  3.3
Earth Magic    | 4 5 |  5.0
Stealth        | 3 4 |  4.2

Action                   |  1- 3 |  4- 6 |  7- 9 || total
-------------------------+-------+-------+-------++-------
Melee: Unarmed           |    71 |       |       ||    71
       Dagger            |    87 |   126 |   101 ||   314
Throw: Stone             |    22 |       |       ||    22
       Dart              |       |    32 |    24 ||    56
 Cast: Sandblast         |       |    21 |    18 ||    39
 Stab: Sleeping          |     2 |     1 |     1 ||     4
Armor: Robe              |     6 |       |       ||     6
       Ring mail         |    38 |    35 |    49 ||   122
Dodge: Dodged            |    75 |    77 |    60 ||   212

Table legend: (Time is in decaauts)
 A = Elapsed time spent in this place.
 B = Non-inter-level travel time spent in this place.
 C = Inter-level travel time spent in this place.
 D = Time resting spent in this place.
 E = Time spent auto-exploring this place.
 F = Levels seen in this place.
 G = Mean time per level.
                   A        B        C        D        E       F      G
               +--------+--------+--------+--------+--------+-----+--------+
         Total |   7459 |   7044 |    415 |   1871 |   3467 |   7 | 1065.6 |
       Dungeon |   7459 |   7044 |    415 |   1871 |   3467 |   7 | 1065.6 |
               +--------+--------+--------+--------+--------+-----+--------+

Top non-repeatable levels by time:
     D:3: 2327 daAuts
     D:4: 1925 daAuts
     D:1: 1783 daAuts
     D:5: 694 daAuts
     D:2: 622 daAuts
     D:8: 76 daAuts
     D:7: 29 daAuts
